AoeStats
← Coalpool6926

MegaRandom

508726882Analyzed
4v4 RM · 10d ago on Sep 23, 2026· 47m 30s· 8 players
Game mode
Random Map
Map size
Large (8 player)
Population
200
Speed
Normal
Resources
Standard
Victory
Conquest
Starting age
Dark Age
Ending age
Imperial Age
RankedLock teamsTeams togetherTeam positionsShared explorationLock speedFull tech treeHidden civsTurbo modeCheats
Victory
Defeat
🇦🇺 Tatars · Australia
1041
+14
🇳🇱 Chinese · Netherlands
1038
+14
🇦🇷 Saracens · Argentina
1028
+14
🇲🇽 Japanese · Mexico
995
+16
🇲🇽 Koreans · Mexico
1132
-19
🇬🇧 Spanish · United Kingdom
1057
-17
🇺🇦 Slavs · Ukraine
1006
-15
🇺🇸 Khmer · United States
770
-20
Bukele
11:17 Feudal Age
15:30 Castle Age
13:39 Double-Bit Axe
13:38 Horse Collar
15:55 Loom
24:40 Wheelbarrow
25:11 Gold Mining
27:45 Bloodlines
27:57 Fishing Lines
29:36 Heavy Plow
29:53 Bow Saw
31:11 Scale Barding Armor
32:18 Chain Barding Armor
37:56 Imperial Age
38:39 Forging
40:03 Elite Mameluke
40:11 Heavy Camel Rider
41:55 Gold Shaft Mining
42:00 Plate Barding Armor
42:27 Two-Man Saw
42:05 Hand Cart
42:45 Conscription
43:18 Iron Casting
43:54 Stone Mining
44:12 Husbandry
44:15 Scale Mail Armor
45:20 Block Printing
46:19 Theocracy
♛ | Chief LeToré
0:36 Loom
13:12 Feudal Age
15:29 Stone Mining
17:41 Castle Age
15:29 Double-Bit Axe
17:02 Gold Mining
17:10 Fishing Lines
19:15 Padded Archer Armor
19:06 Fletching
22:17 Bow Saw
24:26 Medium Warships
25:21 Gillnets
26:46 Wheelbarrow
25:57 Town Watch
26:56 Bodkin Arrow
28:03 Hand Cart
27:43 Treadmill Crane
29:45 Ballistics
31:16 Town Patrol
31:40 Clinker Construction
31:42 Careening
36:48 Imperial Age
37:18 Scale Mail Armor
37:28 Forging
37:57 Conscription
38:47 Chemistry
37:52 Bracer
38:07 Forging
38:57 Carvel Hull
38:58 Dry Dock
41:58 Chain Mail Armor
42:19 Iron Casting
43:49 Plate Mail Armor
48:38 Blast Furnace
helium2
0:35 Loom
13:17 Feudal Age
13:57 Double-Bit Axe
14:06 Gold Mining
13:58 Horse Collar
14:24 Man-at-Arms
16:15 Arson
19:43 Stone Mining
23:22 Castle Age
23:02 Bloodlines
23:07 Forging
23:03 Scale Barding Armor
23:28 Fletching
24:13 Husbandry
24:40 Light Cavalry
30:28 Chain Barding Armor
32:38 Iron Casting
33:25 Bodkin Arrow
33:31 Padded Archer Armor
33:47 Bow Saw
33:43 Heavy Plow
35:05 Ballistics
38:31 Imperial Age
36:41 Wheelbarrow
37:20 Murder Holes
37:36 Masonry
38:23 Leather Archer Armor
39:16 Hand Cart
38:51 Town Watch
38:37 Capped Ram
41:45 Siege Ram
43:51 Bracer
44:22 Ring Archer Armor
44:18 Conscription
47:20 Caravan
elhijochiquito
4:29 Loom
12:15 Feudal Age
12:47 Double-Bit Axe
13:46 Horse Collar
19:21 Castle Age
18:24 Gold Mining
18:32 Fletching
18:44 Padded Archer Armor
20:38 Bodkin Arrow
21:56 Wheelbarrow
30:35 Squires
29:56 Pikeman
31:20 Heavy Plow
31:32 Bow Saw
33:38 Ballistics
33:30 Masonry
33:03 Treadmill Crane
36:52 Imperial Age
35:54 Silk Armor
36:32 Hand Cart
37:15 Halberdier
41:17 Bracer
41:14 Heavy Cavalry Archer
45:21 Capped Ram
46:28 Siege Ram
Coalpool6926
9:33 Loom
12:25 Feudal Age
16:11 Castle Age
17:07 Wheelbarrow
16:29 Double-Bit Axe
16:29 Horse Collar
17:23 Stone Mining
18:14 Fletching
31:24 Imperial Age
31:02 Bodkin Arrow
31:55 Heavy Plow
32:33 Conscription
32:49 Bracer
38:39 Hand Cart
Silentkill921
9:43 Loom
13:30 Feudal Age
16:47 Double-Bit Axe
19:54 Castle Age
19:36 Horse Collar
21:09 Wheelbarrow
20:26 Crossbowman
24:29 Bow Saw
26:54 Gold Mining
26:55 Stone Mining
29:20 Gold Shaft Mining
29:24 Stone Shaft Mining
30:24 Caravan
34:22 Imperial Age
35:19 Hand Cart
34:43 Elite Battle Elephant
20ag
0:39 Loom
13:40 Feudal Age
14:45 Double-Bit Axe
22:20 Castle Age
20:25 Gold Mining
21:15 Fishing Lines
23:15 Fletching
22:48 Crossbowman
24:12 Bow Saw
24:46 Medium Warships
25:27 Forging
25:52 Bodkin Arrow
27:33 Pikeman
28:14 Squires
28:00 Arson
29:04 Wheelbarrow
30:01 Scale Mail Armor
30:38 Hand Cart
32:27 Town Watch
33:31 Thumb Ring
33:58 Chain Mail Armor
36:49 Ballistics
TaniaTequilaFromDushanbe
6:50 Loom
12:23 Feudal Age
13:33 Double-Bit Axe
13:59 Town Watch
16:50 Forging
17:15 Scale Mail Armor
18:49 Horse Collar
24:45 Castle Age
24:56 Stone Mining
24:58 Gold Mining
25:15 Pikeman
25:57 Squires
26:35 Iron Casting
26:16 Chain Mail Armor
26:34 Fletching
27:31 Heavy Plow
28:19 Wheelbarrow
28:43 Gold Shaft Mining
29:39 Bow Saw
29:38 Bodkin Arrow
30:51 Scale Barding Armor
31:43 Detinets
32:46 Hand Cart
35:49 Husbandry
36:00 Bloodlines
36:14 Chain Barding Armor
36:11 Masonry
36:13 Fortified Wall
35:59 Murder Holes
42:09 Imperial Age
43:13 Conscription
43:29 Hoardings
43:10 Halberdier
43:58 Druzhina
Connection lost

Rejoining the realm…

Still unreachable

The connection could not be restored.

Session expired

The server has moved on; the page needs a fresh start.